[Event "GrandPrix_30.05"]
[Site "Chess.com"]
[Date "2020.05.30"]
[Round "2"]
[White "dosto07"]
[Black "Bengalas"]
[Result "0-1"]
[WhiteElo "1832"]
[BlackElo "2187"]
[TimeControl "600+2"]
[EndTime "8:53:55 PDT"]
[Termination "Bengalas won by resignation"]

1. e4 c5 2. Nf3 e6 3. c3 Nf6 4. e5 Nd5 5. Bc4 d6 6. exd6 Bxd6 7. O-O O-O 8. d4 Nc6 9. Re1 cxd4 10. cxd4 Nce7 11. Nc3 Bd7 12. Bb3 Rc8 13. Ne4 Bb4 14. Bd2 Bxd2 15. Qxd2 Bc6 16. Ne5 Nf5 17. Rac1 Nf6 18. Nxf6+ Qxf6 19. Nxc6 bxc6 20. Rc4 Rfd8 21. Qa5 Nxd4 22. Qxa7 Nxb3 23. axb3 Qxb2 24. Qb7 Rb8 25. Qxc6 Qxb3 26. g3 Qb7 27. Qxb7 Rxb7 28. Re2 g6 29. h4 Kg7 30. Kg2 Rd3 31. Rc5 h6 32. Rce5 Rbd7 33. R5e4 Kf6 34. Rf4+ Ke7 35. Rfe4 Rd2 36.
Kf3 R7d3+ 37. Kg2 Rxe2 38. Rxe2 Kf6 39. Ra2 g5 40. hxg5+ hxg5 41. Ra4 Ke5 42. Kf1 f5 43.
Ke2 Rb3 44. Ra5+ Kf6 45. Ra8 Rb2+ 46. Kf3 g4+ 47. Ke3 Rb3+ 48. Ke2 Rb5 49. Ra7 Ke5 50.
Ra8 Rb2+ 51. Ke3 Rb3+ 52. Ke2 Rb4 53. Ra7 Ke4 54. Re7 e5 55. Rg7 Rb2+ 56. Ke1 Kf3 57. Rc7 Rb1+ 58. Kd2 Kxf2 59. Rc5 f4 60. Rxe5 Kxg3 61.
Ke2 f3+ 62. Ke3 Re1+ 63. Kd4 Rxe5 64. Kxe5 f2 0-1

[Event "GrandPrix_30.05"]
[Site "Chess.com"]
[Date "2020.05.30"]
[Round "2"]
[White "Petriashvili02"]
[Black "Murad_Ibrahimli"]
[Result "1-0"]
[WhiteElo "2313"]
[BlackElo "2569"]
[TimeControl "600+2"]
[EndTime "8:53:59 PDT"]
[Termination "Petriashvili02 won by resignation"]

1. d4 Nf6 2. c4 e6 3. Nf3 d5 4. g3 Bb4+ 5. Bd2 Be7 6. Bg2 O-O 7. Qc2 c6 8. O-O b6 9. b3 Bb7 10. Bc3 c5 11. Nbd2 Nc6 12. Rad1 Rc8 13. Qb2 Qc7 14. dxc5 bxc5 15. e3 Rfd8 16. h4 Qb6 17. cxd5 exd5 18. Qa1 a5 19. Rfe1 Ba6 20. Ne5 Nxe5 21. Bxe5 a4 22. bxa4 Qa5 23. Nb1 Bc4 24. Nc3 Qa8 25.
Rd2 Qa6 26. Qd1 Qe6 27. Bxf6 Bxf6 28. Nxd5 Bxd5 29. Bxd5 Qe7 30. Qc2 c4 31. Red1 c3 32.
Rd3 g6 33. a5 Qa7 34. Qb3 Kg7 35. a6 c2 36. Rc1 Qc5 37. Bb7 Rxd3 38. Qxd3 Rc7 39. a4 Bb2 40. Rxc2 Qxc2 41. Qxc2 Rxc2 42. a7 1-0

[Event "GrandPrix_30.05"]
[Site "Chess.com"]
[Date "2020.05.30"]
[Round "2"]
[White "Sam_ChessMood"]
[Black "WhiteCapital80"]
[Result "1/2-1/2"]
[WhiteElo "2555"]
[BlackElo "2300"]
[TimeControl "600+2"]
[EndTime "8:54:06 PDT"]
[Termination "Game drawn by repetition"]

1. e4 e6 2. d4 d5 3. Nc3 Nf6 4. e5 Ne4 5. Nxe4 dxe4 6. Be3 c5 7. dxc5 Nd7 8. b4 b6 9. Ne2 bxc5 10. Nc3 Qc7 11.
Qd2 a6 12. b5 Qxe5 13. Rd1 Be7 14. Bf4 Qd4 15. a4 f5 16. Be3 Qxd2+ 17. Bxd2 axb5 18.
Bxb5 Kf7 19. O-O Ne5 20. Rfe1 Bf6 21. Bf4 Ng6 22. Ne2 Nxf4 23. Nxf4 Bd4 24. Ne2 Rd8 25. c3 Bf6 26. Rxd8 Bxd8 27. Rd1 Bf6 28. c4 Ke7 29. g3 g5 30. Kg2 Ra7 31. Kf1 h6 32. h3 Ba6 33. Rb1 Bxb5 34. axb5 Ra1 35. Rxa1 Bxa1 36. Nc1 Kd6 37. Nb3 Bd4 38. Ke2 e5 39. g4 f4 40.
f3 e3 41. Na5 Kc7 42. Nc6 Kd6 43. Na5 Kc7 44. Nc6 Kd6 45. Na5 1/2-1/2

[Event "GrandPrix_30.05"]
[Site "Chess.com"]
[Date "2020.05.30"]
[Round "2"]
[White "Zubrrr"]
[Black "DrVelja"]
[Result "1-0"]
[WhiteElo "2579"]
[BlackElo "2247"]
[TimeControl "600+2"]
[EndTime "8:54:07 PDT"]
[Termination "Zubrrr won by resignation"]

1. c4 e5 2. g3 Nc6 3. Nc3 g6 4. Bg2 Bg7 5. e4 d6 6. Nge2 Nge7 7. O-O O-O 8. d3 Be6 9. f4 Qd7 10. Nd5 f5 11. Be3 Rf7 12. Qd2 Raf8 13. Rae1 Kh8 14. b3 Nd4 15. fxe5 Nxe2+ 16. Qxe2 dxe5 17. Bc5 Bxd5 18. exd5 Re8 19. Ba3 g5 20. Qh5 Ng6 21. Qxg5 Bf8 22. Bxf8 Rexf8 23. h4 Rg7 24. Qh5 Rf6 25.
Kh2 Qf7 26. Bf3 f4 27. g4 Qe7 28. g5 Rf5 29. Be4 Nxh4 30. Qxh4 Rfxg5 31. Qh3 Qe8 32. Bf3 Rg3 33. Qh4 R7g6 34. Rg1 Qf8 35. Rxg3 Rxg3 36. Be4 Rg7 37. Rg1 f3 38. Rxg7 Kxg7 39.
Qxh7+ 1-0

[Event "GrandPrix_30.05"]
[Site "Chess.com"]
[Date "2020.05.30"]
[Round "2"]
[White "Paulz64"]
[Black "SavelijTartakover"]
[Result "0-1"]
[WhiteElo "2155"]
[BlackElo "2501"]
[TimeControl "600+2"]
[EndTime "8:54:15 PDT"]
[Termination "SavelijTartakover won by resignation"]

1. d4 d5 2. c4 c6 3. Nf3 Nf6 4. Qc2 dxc4 5. Qxc4 Bg4 6. Nbd2 Nbd7 7. g3 e6 8. Bg2 Be7 9. O-O a5 10. b3 a4 11.
bxa4 Qa5 12. Rb1 Ra7 13. Qb3 O-O 14. Ba3 Bxa3 15. Qxa3 Nb6 16. e3 Qxa4 17. Qb3 Bxf3 18. Nxf3 Nfd7 19. Qxa4 Rxa4 20. Ne5 Ra7 21. Nxd7 Nxd7 22.
Rb2 Rc8 23. Rc1 Kf8 24. f4 f5 25. h3 Nf6 26. Kf2 Rc7 27. Rc5 Ke7 28. Bf3 Kd6 29.
g4 g6 30. g5 Nd5 31. h4 Ra3 32. Bxd5 exd5 33. Rcc2 Re7 34. Re2 Rc3 35. Kf3 Rc1 36. Rec2 Ra1 37. Rc3 Rh1 38. Kg3 Rg1+ 39. Kf3 Rg4 40.
Rh2 h5 41. Kf2 Re8 42. Rh1 Ra8 43. a3 Kc7 44. Kf3 Ra4 45. Rb3 b5 46. Rc3 Kb6 47.
Rb3 Rc4 48. Rb2 Ka5 0-1

[Event "GrandPrix_30.05"]
[Site "Chess.com"]
[Date "2020.05.30"]
[Round "2"]
[White "2346PL"]
[Black "RaphaeI"]
[Result "0-1"]
[WhiteElo "2070"]
[BlackElo "2270"]
[TimeControl "600+2"]
[EndTime "8:54:15 PDT"]
[Termination "RaphaeI won on time"]

1. d4 Nf6 2. Bg5 d5 3. e3 c5 4. c3 Nc6 5. Nf3 Ne4 6. Bf4 Qb6 7. Qb3 c4 8. Qxb6 axb6 9. Nbd2 Nxd2 10. Kxd2 b5 11.
Ne5 e6 12. Be2 b4 13. Nxc6 bxc6 14. a4 b3 15. a5 Kd7 16. e4 Be7 17. h4 Bd8 18. h5 h6 19. Rh3 Rxa5 20. Rxa5 Bxa5 21. Rg3 Rh7 22. exd5 cxd5 23. Rh3 Bb7 24. g4 f6 25. Be3 Rh8 26. f4 Ra8 27. g5 Bc7 28. gxh6 gxh6 29. f5 Ra2 30. Bxh6 Rxb2+ 31. Ke1 Rb1+ 32. Kd2 Rg1 33. Bd1 Rg2+ 34. Kc1 Bd6 35. Be3 e5 36. h6 exd4 37. h7 Ba3+ 38. Kb1 dxc3 0-1

[Event "GrandPrix_30.05"]
[Site "Chess.com"]
[Date "2020.05.30"]
[Round "2"]
[White "arminmusovic"]
[Black "Vesper2018"]
[Result "1-0"]
[WhiteElo "2253"]
[BlackElo "1936"]
[TimeControl "600+2"]
[EndTime "8:54:16 PDT"]
[Termination "arminmusovic won by checkmate"]

1. a3 Nf6 2. Nc3 g6 3. e4 d6 4. d4 Bg7 5. Bg5 O-O 6. f4 c6 7.
e5 Nd5 8. Nxd5 cxd5 9. Nf3 Nc6 10. Be2 dxe5 11. fxe5 f6 12. exf6 exf6 13. Bh4 Bf5 14. O-O Qd7 15. Bd3 Be4 16. c3 Rae8 17. Bb5 a6 18. Be2 h6 19. Nd2 f5 20. Bf2 g5 21.
Bh5 Re7 22. Nxe4 dxe4 23. d5 Ne5 24. Bc5 Nd3 25. Bxe7 Qxe7 26. Qb3 Kh7 27. Rad1 g4 28. d6 Qxd6 29. Qxb7 Qc5+ 30. Kh1 Nf2+ 31. Rxf2 Qxf2 32. Qxa6 e3 33. Rf1 Qd2 34. Qg6+ Kh8 35. Qe6 e2 36. Rg1 Rd8 37. Be8 f4 38. Bb5 f3 39. gxf3 gxf3 40.
Qf7 Qg5 41. Rxg5 Rd1+ 42. Rg1 Rxg1+ 43. Kxg1 e1=Q+ 44. Bf1 Qe3+ 45. Kh1 Qf2 46. Qe8+ Kh7 47. Bd3# 1-0

[Event "GrandPrix_30.05"]
[Site "Chess.com"]
[Date "2020.05.30"]
[Round "2"]
[White "wnstop"]
[Black "Yuri202062"]
[Result "1-0"]
[WhiteElo "2199"]
[BlackElo "1966"]
[TimeControl "600+2"]
[EndTime "8:54:18 PDT"]
[Termination "wnstop won on time"]

1. e4 c5 2. Nf3 e6 3. d4 cxd4 4.
Nxd4 a6 5. c4 Nf6 6. Nc3 d6 7.
Be2 Be7 8. O-O Qc7 9. Qd3 O-O 10. b4 Nbd7 11. f4 b6 12. Bb2 Bb7 13. a3 Rac8 14.
Rac1 Rfe8 15. g4 Nf8 16. g5 N6d7 17. h4 Qd8 18. Nd5 exd5 19. cxd5 Rxc1 20. Rxc1 Ng6 21. Qg3 Bf8 22. Bd3 Nde5 23. fxe5 Nxe5 24. Bf1 b5 25.
Nc6 Bxc6 26. dxc6 Qc7 27. Bxe5 Rxe5 28. Qg4 Re7 29. Bh3 g6 30. Kg2 Bg7 31. Qc8+ Qxc8 32. Bxc8 Rc7 33. Bxa6 Bb2 34. Rc2 Bxa3 35. Bxb5 Bxb4 36.
Bc4 Be1 37. Kh3 Kf8 38. Bd5 Ke7 39. Kg4 1-0

[Event "GrandPrix_30.05"]
[Site "Chess.com"]
[Date "2020.05.30"]
[Round "2"]
[White "ploky25"]
[Black "Vuk2000"]
[Result "1-0"]
[WhiteElo "2195"]
[BlackElo "2262"]
[TimeControl "600+2"]
[EndTime "8:54:20 PDT"]
[Termination "ploky25 won by resignation"]

1. d4 e6 2. c4 Nf6 3. Nc3 Bb4 4. e3 O-O 5. Bd3 d5 6. cxd5 exd5 7. Ne2 c5 8. a3 Bxc3+ 9. bxc3 Nc6 10. O-O Bg4 11. f3 Bh5 12. g4 Bg6 13. Ng3 Re8 14. Ra2 Qa5 15. Rc2 Rac8 16. Kh1 Qa4 17. Bf5 Rcd8 18. Qd2 Na5 19. Qf2 Nb3 20. Bb2 Re7 21. Re2 Qc6 22.
h4 Bxf5 23. Nxf5 Re6 24. h5 g6 25. Rg1 Kh8 26. Nh6 Kg7 27. Nf5+ Kf8 28. Ng3 Rde8 29. Rge1 Qd7 30. Qh2 Kg7 31. dxc5 Nxc5 32. c4 Kg8 33.
hxg6 fxg6 34. cxd5 Nxd5 35. e4 Nf4 36. Rd2 Rd6 37.
Rxd6 Qxd6 38. Nf5 Qc7 39. Rc1 b6 40. Ba1 Nfe6 41. Be5 Qf7 42. Nh6+ Kf8 43. Nxf7 Kxf7 1-0

[Event "GrandPrix_30.05"]
[Site "Chess.com"]
[Date "2020.05.30"]
[Round "2"]
[White "chess_big_master"]
[Black "Valeriy_Neverov"]
[Result "1-0"]
[WhiteElo "2041"]
[BlackElo "2101"]
[TimeControl "600+2"]
[EndTime "8:54:24 PDT"]
[Termination "chess_big_master won on time"]

1. d4 Nf6 2. Nf3 g6 3. g3 Bg7 4. Bg2 O-O 5. O-O d6 6. b3 c6 7.
Bb2 Bf5 8. c4 Qd7 9. Re1 Na6 10.
Nbd2 d5 11. Ne5 Qd6 12. f3 Rad8 13. e4 Bc8 14. Nd3 dxe4 15. fxe4 Qc7 16. e5 Ng4 17. h3 Nh6 18. g4 f5 19. g5 Nf7 20. Nf3 e6 21. b4 b6 22. b5 Nb8 23. Qb3 Bb7 24.
Nf4 Rfe8 25. Rad1 cxb5 26. cxb5 Bxf3 27. Bxf3 Nxg5 28. Bg2 Qf7 29. d5 exd5 30. Bxd5 Rxd5 31. Nxd5 Nd7 32. Nf6+ Bxf6 33. exf6 Rxe1+ 34. Rxe1 Qxb3 35. Re8+ Kf7 36. Re7+ Kf8 37. axb3 Nc5 38. Ba3 Nge4 39. Rxh7 Nxf6 40. Rxa7 Ne4 41. Ra8+ Kf7 42. Rb8 Nd7 43. Rb7 1-0

[Event "GrandPrix_30.05"]
[Site "Chess.com"]
[Date "2020.05.30"]
[Round "2"]
[White "francyIM"]
[Black "Firegrizzly"]
[Result "1-0"]
[WhiteElo "2580"]
[BlackElo "2177"]
[TimeControl "600+2"]
[EndTime "8:54:27 PDT"]
[Termination "francyIM won by resignation"]

1. d4 Nf6 2. c4 e6 3. Nc3 d5 4. cxd5 exd5 5. Bg5 c6 6. e3 Bd6 7. Bd3 Nbd7 8. Qc2 h6 9. Bh4 O-O 10. Nge2 Re8 11. h3 Nf8 12. g4 a5 13. Bg3 Ne6 14. O-O Ng5 15. Kg2 b5 16. Bxd6 Qxd6 17. Ng3 Ra7 18. Rae1 Rae7 19. Bf5 g6 20. Bxc8 Rxc8 21.
Nxb5 Qd7 22. Nc3 h5 23. h4 Nge4 24. g5 Nh7 25. Ncxe4 dxe4 26. Qc5 Rce8 27. Rc1 Qg4 28. Rh1 Qf3+ 29. Kg1 a4 30. Qxc6 f6 31. gxf6 Nxf6 32.
Qc4+ Kh7 33. Qe2 Ng4 34. Qxf3 exf3 35. Nf1 Rb7 36. Rc2 Reb8 37. b3 axb3 38. axb3 Rxb3 39. Rh3 Rb1 40. Rxf3 g5 41. Rc7+ Kg6 42. Rc6+ Kg7 43.
hxg5 Ra1 44. Kg2 Rbb1 45. Ng3 Rg1+ 46. Kh3 Rh1+ 47. Nxh1 Rxh1+ 48. Kg2 Rh2+ 49. Kg3 Rh1 50. g6 Nh6 51. Kg2 Ra1 52. Rg3 h4 53. Rc7+ Kg8 54. Rh3 Nf5 55. Rf3 Nh6 56. g7 Ra8 57. Rf8+ Rxf8 58.
gxf8=Q+ 1-0

[Event "GrandPrix_30.05"]
[Site "Chess.com"]
[Date "2020.05.30"]
[Round "2"]
[White "Grandelicious"]
[Black "Ave_Mariia"]
[Result "1/2-1/2"]
[WhiteElo "2578"]
[BlackElo "2178"]
[TimeControl "600+2"]
[EndTime "8:54:27 PDT"]
[Termination "Game drawn by repetition"]

1. Nf3 Nf6 2. g3 g6 3. Bg2 Bg7 4. b3 O-O 5. Bb2 d6 6. d4 c6 7.
O-O Nbd7 8. c4 Qc7 9. Nc3 e5 10.
e4 Re8 11. Re1 exd4 12. Nxd4 Nc5 13. b4 Ne6 14. Nb3 Ng5 15. Qd2 Nh3+ 16. Kh1 Be6 17.
Nd1 h5 18. Ne3 Ng5 19. f3 Qc8 20. Qxd6 Nfxe4 21. fxe4 Bxb2 22. Rad1 Bh3 23. Qf4 Bxg2+ 24. Nxg2 Nh3 25. Qd2 Be5 26. Ne3 Ng5 27. Qg2 Bc3 28. Rf1 Rxe4 29. Nc2 Qe8 30. Rf2 Rxc4 31. Nc5 b6 32. Re2 Qc8 33. Nd7 Ne6 34. a3 Bg7 35. Red2 Qc7 36. Ne3 Rc3 37. Qe4 Re8 38. Rd6 Qc8 39. Ng2 Nc5 40. Qf4 Nxd7 41. Rxd7 Rf8 42. Rxa7 Qe6 43. Qf1 Qe4 44. Re1 Qd5 45. Rd1 Qe4 46.
Re1 Qd5 47. Rd1 Qe4 1/2-1/2

[Event "GrandPrix_30.05"]
[Site "Chess.com"]
[Date "2020.05.30"]
[Round "2"]
[White "Thor736"]
[Black "Rakhmanov_Aleksandr"]
[Result "0-1"]
[WhiteElo "2080"]
[BlackElo "2460"]
[TimeControl "600+2"]
[EndTime "8:54:29 PDT"]
[Termination "Rakhmanov_Aleksandr won on time"]

1. e4 c5 2. Nf3 Nf6 3. Nc3 d5 4. Bb5+ Bd7 5. e5 Bxb5 6. Nxb5 Nfd7 7. e6 fxe6 8. Ng5 Qb6 9. c4 dxc4 10. Na3 Qc6 11.
O-O Qd5 12. Nh3 Nc6 13. Re1 e5 14. Nb5 Rc8 15. Ng5 Nf6 16. Nc3 Qd7 17. b3 cxb3 18. Qxb3 e6 19. Nxe6 Na5 20. Qa3 Nc4 21. Nxf8 Nxa3 22.
Nxd7 Nc2 23. Nxf6+ gxf6 24. Bb2 Kf7 25. f4 Rhd8 26.
fxe5 Nxe1 27. Rxe1 Rxd2 28. Ne4 Rxb2 29. Nd6+ Ke6 30.
Nxc8 fxe5 31. Nxa7 c4 32. Rc1 Kd5 33. a4 Kd4 34.
Nb5+ Kc5 35. Re1 Kb4 36. Rxe5 Kxa4 37. Nd4 b5 38. Kf1 c3 39. h4 b4 40. g4 b3 41. Ke1 Rb1+ 42. Ke2 c2 43. Nxc2 bxc2 0-1

[Event "GrandPrix_30.05"]
[Site "Chess.com"]
[Date "2020.05.30"]
[Round "2"]
[White "Eltaj_Safarli"]
[Black "econpower"]
[Result "0-1"]
[WhiteElo "2374"]
[BlackElo "2239"]
[TimeControl "600+2"]
[EndTime "8:54:33 PDT"]
[Termination "econpower won by resignation"]

1. e4 d6 2. d4 Nf6 3. Nc3 e5 4. Nf3 Nbd7 5. Bc4 Be7 6. O-O O-O 7. a4 c6 8. a5 Rb8 9. Re1 Qc7 10.
d5 cxd5 11. Bxd5 Nxd5 12. Nxd5 Qd8 13. Be3 Ra8 14. Nd2 Nf6 15. Nxf6+ Bxf6 16. Nb1 Be6 17. Nc3 Be7 18. Nd5 Bg5 19. Qd2 Bxe3 20. Nxe3 Rc8 21.
Red1 Rc6 22. b3 g6 23. c4 f5 24. Nd5 fxe4 25. Nb4 Qf6 26. Nxc6 bxc6 27. Qxd6 Qxf2+ 28. Kh1 Bg4 29. Rg1 e3 30. Qxe5 e2 31. h3 Bd7 32.
Rae1 Re8 33. Qd6 Bf5 34. Qxc6 Re3 35. Qa8+ Kg7 36. Qxa7+ Kh6 37. Qa8 Be4 38. Qc8 Bxg2+ 39. Rxg2 Qxe1+ 40. Kh2 Qf1 41. Rxg6+ hxg6 42. Qh8+ Kg5 43.
Qd8+ Kf4 44. Qf6+ Ke4 45. Qe6+ Kd3 46. Qxg6+ Kd2 0-1

[Event "GrandPrix_30.05"]
[Site "Chess.com"]
[Date "2020.05.30"]
[Round "2"]
[White "NikolaN98"]
[Black "yamalchess"]
[Result "0-1"]
[WhiteElo "2113"]
[BlackElo "2377"]
[TimeControl "600+2"]
[EndTime "8:54:38 PDT"]
[Termination "yamalchess won by checkmate"]

1. e4 e5 2. Nf3 Nc6 3. Bc4 Nf6 4.
d3 Bc5 5. O-O O-O 6. a4 a5 7. c3 d5 8. exd5 Nxd5 9. Re1 Bg4 10. Bb3 Re8 11. Bc2 Qd7 12. Nbd2 Rad8 13. Ne4 Bb6 14.
h3 Bh5 15. Ng3 Bg6 16. Nh4 Nf4 17. Nxg6 hxg6 18. Bxf4 exf4 19. Ne4 Ne5 20. d4 Nc4 21. Qf3 Qf5 22. b3 Nd6 23. Bd3 Qe6 24. Ng5 Qxb3 25. Qxf4 Qxc3 26. Rxe8+ Rxe8 27. Rd1 Qxd4 28. Qg3 Qb4 29.
Kh2 Qb2 30. Kg1 Qd4 31. Bc2 Qb4 32. Kh2 Bd4 33. f4 Bf6 34. Rb1 Qd2 35. Bb3 Bxg5 36.
Qxg5 Re4 37. Rf1 Nf5 38. Qxg6 Nd6 39. Bxf7+ Kf8 40. Bb3 Rxf4 41. Rd1 Qe3 42. Rxd6 cxd6 43. Qxd6+ Ke8 44. Be6 Rd4 45. Qb8+ Ke7 46. Qxb7+ Kxe6 47. Qb6+ Kf7 48. Qb7+ Qe7 49. Qb3+ Qe6 50. Qf3+ Kg8 51. Qa8+ Kh7 52. Qxa5 Qd6+ 53. Kg1 Rd1+ 54. Kf2 Qd4+ 55. Ke2 Qd3+ 56. Kf2 Rf1# 0-1

[Event "GrandPrix_30.05"]
[Site "Chess.com"]
[Date "2020.05.30"]
[Round "2"]
[White "GeorgMeier"]
[Black "Lavrov_Maxim"]
[Result "1-0"]
[WhiteElo "2656"]
[BlackElo "2306"]
[TimeControl "600+2"]
[EndTime "8:54:47 PDT"]
[Termination "GeorgMeier won by resignation"]

1. Nf3 Nf6 2. g3 g6 3. Bg2 Bg7 4. O-O d6 5. d4 O-O 6. b3 c6 7. Bb2 a5 8. a4 Na6 9. Nbd2 Bg4 10. h3 Bxf3 11. Bxf3 Nd7 12. e4 Nb4 13. c3 Na6 14.
Re1 Qc7 15. h4 e5 16. Nc4 exd4 17. cxd4 Nb4 18. Rc1 Nb6 19. Ne3 Qd8 20. Kg2 Nd7 21. Qd2 Rc8 22. Rcd1 Qc7 23. Bg4 Rce8 24. f3 Re7 25.
Bc3 Nf6 26. Bxb4 axb4 27. Qxb4 Bh6 28. Qc3 Bxe3 29. Qxe3 Nxg4 30. fxg4 Rfe8 31. Qf4 Qa5 32. Re3 b5 33. axb5 Qxb5 34. Rde1 Qb4 35. e5 dxe5 36. dxe5 Qb7 37. Qf3 Qb5 38. Qf4 Qb7 39. h5 c5+ 40.
Kh2 Qc6 41. h6 Qe6 42. g5 Rd7 43. Qf6 Rd2+ 44. R1e2 Rxe2+ 45. Rxe2 Qxf6 46. gxf6 Rb8 47. Rd2 Kf8 48. Rd7 Ke8 49. Re7+ Kf8 50. Rc7 1-0

[Event "GrandPrix_30.05"]
[Site "Chess.com"]
[Date "2020.05.30"]
[Round "2"]
[White "Poghosyan_Suren"]
[Black "Saxar85"]
[Result "0-1"]
[WhiteElo "2132"]
[BlackElo "2522"]
[TimeControl "600+2"]
[EndTime "8:54:50 PDT"]
[Termination "Saxar85 won by resignation"]

1. d4 d6 2. e4 g6 3. Nc3 Bg7 4.
Nf3 Nf6 5. Be2 O-O 6. O-O Bg4 7. Be3 Nc6 8. d5 Bxf3 9. Bxf3 Ne5 10. Be2 c6 11. a4 cxd5 12. exd5 Qa5 13. Bd4 a6 14. Re1 Rfe8 15. Ra3 Ned7 16. Bf1 Nc5 17. Na2 Qc7 18. b4 Ncd7 19. c4 a5 20. Rae3 axb4 21. Rxe7 Rxe7 22.
Rxe7 Qd8 23. Re1 Qa5 24. Qb1 b3 25. Nc3 Qb4 26. Qb2 Nh5 27. Bxg7 Nxg7 28. Rb1 Nc5 29. g4 Ne8 30. Be2 Nc7 31. g5 Re8 32.
Bf1 Re5 33. h4 Re8 34. Ra1 Qa5 35. Rd1 Qa8 36. h5 Qd8 37. f4 gxh5 38. Kf2 Qe7 39.
Qd2 N7a6 40. Be2 Ne4+ 41. Nxe4 Qxe4 42. Bxh5 Nc5 43. Bf3 Qc2 44. a5 Qxd2+ 45. Rxd2 b2 46. Rd1 Nd3+ 47. Kg3 Nc1 48. Be4 Rxe4 0-1

[Event "GrandPrix_30.05"]
[Site "Chess.com"]
[Date "2020.05.30"]
[Round "2"]
[White "Alex_Krayz"]
[Black "Anton_Demchenko"]
[Result "0-1"]
[WhiteElo "2190"]
[BlackElo "2625"]
[TimeControl "600+2"]
[EndTime "8:54:50 PDT"]
[Termination "Anton_Demchenko won by resignation"]

1. e4 e5 2. Nf3 Nc6 3. Bb5 a6 4. Ba4 Nge7 5. c3 d6 6. O-O Bd7 7. d4 Ng6 8. Re1 Be7 9. Nbd2 O-O 10. Nf1 b5 11. Bb3 exd4 12. cxd4 Na5 13. Bc2 c5 14.
Ng3 Re8 15. h3 Rc8 16. d5 Nh4 17. Bf4 Nxf3+ 18. Qxf3 Nc4 19. Nh5 g6 20. Qg3 Bh4 21.
Qf3 gxh5 22. e5 Nxe5 23. Qxh5 Ng6 24. Rxe8+ Bxe8 25. Re1 Bf6 26. Bh6 Bxb2 27. f4 Qh4 28. Qxh4 Nxh4 29. f5 Bd7 30. Rf1 Re8 31. Rf4 Re2 32. Be4 Bf6 33. g3 Rxe4 34. Rxe4 Nxf5 35. Bf4 Be5 36. Bxe5 dxe5 37. Rxe5 Kf8 38. Kf2 c4 39. g4 Nd6 40. Ke3 b4 41. Kd4 c3 42.
Re2 a5 43. Kc5 Nb5 44. d6 Na3 45. Kb6 a4 46. Kc7 Bb5 47. Re1 c2 48. d7 Bxd7 49.
Kxd7 b3 50. axb3 axb3 0-1

[Event "GrandPrix_30.05"]
[Site "Chess.com"]
[Date "2020.05.30"]
[Round "2"]
[White "Natalya_Buksa"]
[Black "DenisQ"]
[Result "0-1"]
[WhiteElo "2068"]
[BlackElo "2274"]
[TimeControl "600+2"]
[EndTime "8:54:57 PDT"]
[Termination "DenisQ won by resignation"]

1. e4 e5 2. Nf3 Nf6 3. Nxe5 d6 4. Nf3 Nxe4 5. d4 d5 6. Bd3 Nc6 7. O-O Be7 8. Re1 Bf5 9. c4 Nb4 10. Bf1 O-O 11. Na3 Re8 12. Bf4 dxc4 13. Bxc4 Nd5 14. Be5 c6 15. Nc2 Nd6 16. Bd3 Bxd3 17. Qxd3 f6 18.
Bg3 Bf8 19. Qb3 Qb6 20. Ne3 Qxb3 21. axb3 Ne4 22. Nc4 Bb4 23. Re2 Nxg3 24. Rxe8+ Rxe8 25. hxg3 a6 26. Kf1 Re4 27. Na3 Kf7 28. Nc2 h5 29.
Rd1 Ke6 30. Nd2 Bxd2 31. Rxd2 Kd6 32. Re2 Re6 33. Rxe6+ Kxe6 34. Ke2 g5 35. Kf3 b5 36. Ke2 a5 37. Kf3 Kf5 38. Ne3+ Ke6 39. Nc2 f5 40.
Ke2 Nf6 41. Ne3 Ng4 42. Nd1 Kd5 43. Kd3 f4 44. f3 Nf6 45. Nc3+ Ke6 46. Ne4 Nxe4 47.
Kxe4 fxg3 48. f4 g4 49. f5+ Kf6 50. Kf4 b4 51. Ke4 h4 52. Kf4 h3 53. Kxg3 hxg2 54.
Kxg2 Kxf5 55. Kg3 Ke4 56. Kxg4 Kxd4 0-1

[Event "GrandPrix_30.05"]
[Site "Chess.com"]
[Date "2020.05.30"]
[Round "2"]
[White "Khvicha_Supatashvili"]
[Black "IriBu"]
[Result "0-1"]
[WhiteElo "2105"]
[BlackElo "2354"]
[TimeControl "600+2"]
[EndTime "8:55:00 PDT"]
[Termination "IriBu won by resignation"]

1. d4 Nf6 2. c4 e6 3. Nf3 b6 4. e3 Bb7 5. Bd3 d5 6. Nc3 Nbd7 7. O-O dxc4 8. Bxc4 a6 9. a4 Bb4 10. Qe2 O-O 11.
Rd1 Qe7 12. Bd2 c5 13. Rac1 Rfd8 14. h3 h6 15. Be1 cxd4 16. exd4 Bxc3 17. bxc3 Nd5 18.
Bd2 Qf6 19. Qe4 Rab8 20. Bd3 Nf8 21. Qg4 Rbc8 22. Ne5 Ne7 23. Re1 Nf5 24. Rb1 Bc6 25. Bxa6 Bxa4 26. Bxc8 Rxc8 27. Rxb6 Nd7 28. Rb7 Nxe5 29.
dxe5 Qd8 30. Qxa4 Qxd2 31. Reb1 Rxc3 32. Qd1 Qf4 33. Qe2 Nd4 34. Qg4 Qxe5 35. Rd1 Nf5 36. Qh5 g6 37. Qg4 Kg7 38. Qa4 h5 39. Qd7 Qf6 40.
Rb8 Nh6 41. Qe8 Kh7 42. Rb7 Rc2 43. Rf1 Qf4 44. Qxe6 Rc1 45. Qe2 Rxf1+ 46. Qxf1 Qf6 47. Qd1 Qc6 48. Re7 Qf6 49. Rd7 Qe5 50. Qd2 Qa1+ 51. Qd1 Qe5 52. Rd2 Qf6 53. Qb3 Qa1+ 54. Rd1 Qe5 55.
Qf3 Qb2 56. g3 Qe5 57. Kg2 Nf5 58. Rd7 Qe6 59. Qd5 Qxd5+ 60. Rxd5 Nh6 61. Kf3 Kg7 62. Kf4 Kf6 63. Ra5 Kg7 64. Kg5 f6+ 65. Kf4 g5+ 66. Ke4 Kg6 67. Ra8 Nf7 68. Rg8+ Kh7 69. Rb8 Kg6 70. Kd5 Kf5 71. Rh8 Nxh8 72. Kd6 h4 73. gxh4 gxh4 74. Ke7 Ng6+ 75. Kf7 Nf4 0-1

[Event "GrandPrix_30.05"]
[Site "Chess.com"]
[Date "2020.05.30"]
[Round "2"]
[White "DaVinci81"]
[Black "BairaKovanova"]
[Result "1-0"]
[WhiteElo "2548"]
[BlackElo "2165"]
[TimeControl "600+2"]
[EndTime "8:55:01 PDT"]
[Termination "DaVinci81 won by resignation"]

1. d4 Nf6 2. c4 e6 3. Nc3 Bb4 4. e3 O-O 5. Nf3 d5 6. Bd2 b6 7. cxd5 Nxd5 8. Nxd5 Bxd2+ 9. Nxd2 Qxd5 10. Be2 c6 11.
Bf3 Qd6 12. O-O Ba6 13. Re1 Nd7 14. Rc1 Bb7 15. Qa4 b5 16. Qa5 Nb6 17. Ne4 Qe7 18. Nc5 Nc4 19. Qc3 Rac8 20. b3 Nd6 21. Rc2 Ba8 22. Rec1 h6 23. Qb4 Nf5 24. Be4 Nh4 25. g3 Nf5 26. Qc3 Nd6 27. Bg2 Nf5 28. a4 Qd8 29. Ra2 Ne7 30. e4 a5 31. Rd1 b4 32. Qe3 e5 33. Rad2 exd4 34. Rxd4 Qe8 35. Qd2 Kh8 36. f4 f5 37. e5 Nd5 38. Bxd5 cxd5 39. Rc1 Qe7 40. Nd3 Qa7 41. Qf2 Rc3 42. Rd1 Rfc8 43. e6 Rc2 44. Qe3 Re2 45. Qxe2 Qxd4+ 46. Nf2 Qf6 47. Qa6 Re8 48. Re1 d4 49. Qb5 Qe7 50.
Nd3 Rd8 51. Ne5 Qxe6 52. Qxa5 Qd5 53. Qxd5 Bxd5 54. Rb1 d3 55. Kf2 d2 56. Ke3 Bxb3 57. Rd1 Bxd1 58. Nf7+ Kg8 59. Nxd8 Bxa4 60. Kxd2 Bd7 61.
Nb7 Be6 62. Nc5 Bd5 63. Nd3 b3 64. Kc3 Kf7 65. Nc5 Ke7 66. Nxb3 Kd6 67. Nd4 Be4 68.
Kc4 g5 69. Ne2 gxf4 70. gxf4 Bf3 71. Ng3 Ke6 72. Kc5 h5 73. h4 Bg4 74. Nf1 Be2 75.
Ne3 Bd3 76. Nd1 Be2 77. Nb2 Bf3 78. Nc4 Bg4 79. Ne3 Bf3 80. Nc2 Bg4 81. Nd4+ Kf6 82.
Kd6 Bf3 83. Nb5 Bg4 84. Nc3 Bf3 85. Nd5+ Kg6 86. Ke5 Bg4 87. Ne7+ Kf7 88. Nxf5 Bd1 89. Nd6+ Kg7 90. Kf5 Kh6 91. Kf6 Kh7 92. Kg5 1-0

[Event "GrandPrix_30.05"]
[Site "Chess.com"]
[Date "2020.05.30"]
[Round "2"]
[White "KuzubovYuriy"]
[Black "Olghita64"]
[Result "1-0"]
[WhiteElo "2433"]
[BlackElo "1998"]
[TimeControl "600+2"]
[EndTime "8:55:02 PDT"]
[Termination "KuzubovYuriy won on time"]

1. d4 d5 2. c4 c6 3. e3 Bf5 4. Nc3 e6 5. Nge2 h6 6. Ng3 Bg6 7. Qb3 Qb6 8. c5 Qc7 9. e4 Nd7 10.
exd5 exd5 11. Be2 b6 12. cxb6 axb6 13. O-O Bd6 14. Bd2 Ngf6 15. Rac1 Qa7 16. Bb5 Rc8 17. Bxc6 Rxc6 18. Nb5 Qb7 19. Rxc6 Qxc6 20. Rc1 Bc5 21. dxc5 bxc5 22. Qe3+ Ne4 23. Nxe4 dxe4 24. a4 O-O 25. Bc3 Nb6 26. b3 Nd5 27. Qd2 Qe6 28. Bb2 Nb4 29. Qc3 f6 30. Qc4 Bf7 31. Qxe6 Bxe6 32.
Rxc5 Nd3 33. Rc6 Bxb3 34. Ba3 Rd8 35. Nc3 Ra8 36. h3 Bxa4 37. Rc7 Bb3 38. Bd6 Ra1+ 39.
Kh2 Nxf2 40. Nb5 e3 41. Nd4 Bd5 42. Nf5 Rh1+ 43. Kg3 Ne4+ 44. Kf4 Nxd6 45. Nxe3 Nf7 46. Nxd5 Rf1+ 47. Kg3 Ne5 48. h4 h5 49. Nf4 g6 50. Nd5 1-0